 Dungeon Crawl Stone Soup version 0.20.0-15-g7f486f2 (webtiles) character file.

785 Naow the Cleaver (level 7, -4/59 HPs)
             Began as a Hill Orc Fighter on June 9, 2017.
             Was an Initiate of Beogh.
             Slain by an ogre
             ... wielding a cursed -1 giant club
              (27 damage)
             ... on level 5 of the Dungeon.
             The game lasted 00:07:51 (5063 turns).

Naow the Cleaver (Hill Orc Fighter)                 Turns: 5063, Time: 00:07:51

Health: -4/59      AC: 12    Str: 21    XL:     7   Next: 86%
Magic:  7/7        EV:  4    Int:  8    God:    Beogh [......]
Gold:   183        SH:  9    Dex: 10    Spells: 6/6 levels left

rFire    . . .     SeeInvis .   a - +0 war axe
rCold    . . .     Gourm    .   c - +0 shield
rNeg     . . .     Faith    .   q - +0 plate armour
rPois    .         Spirit   .   (no helmet)
rElec    .         Reflect  .   (no cloak)
rCorr    .         Harm     .   (no gloves)
MR       .....                  (no boots)
Stlth    ..........             (no amulet)
Regen    0.2/turn               (no ring)
MPRegen  0.1/turn               (no ring)

@: no status effects
A: no striking features
a: Renounce Religion


You were on level 5 of the Dungeon.
You worshipped Beogh.
Beogh was noncommittal.
You were hungry.

You visited 1 branch of the dungeon, and saw 5 of its levels.

You collected 183 gold pieces.

Inventory:

Hand Weapons
 a - a +0 war axe (weapon)
Armour
 b - a +0 scale mail
 c - a +0 shield (worn)
 q - a +0 plate armour (worn)
Jewellery
 e - an uncursed ring of flight {unknown}
 u - an uncursed ring of magical power {unknown}
Wands
 x - a wand of disintegration (7/24)
 z - a wand of random effects (20/48)
 C - a wand of flame (29/48)
Scrolls
 g - 3 scrolls of remove curse {unknown}
 i - 8 scrolls of identify {unknown}
 j - a scroll of noise {unknown}
 k - 2 scrolls of enchant weapon {unknown}
 m - a scroll of enchant armour {unknown}
 o - a scroll of random uselessness {unknown}
 p - a scroll of teleportation {unknown}
 s - a scroll of magic mapping {unknown}
 y - 2 scrolls of fog {unknown}
 A - a scroll of amnesia {unknown}
 D - a scroll of fear {unknown}
Potions
 d - 2 potions of might
 l - 2 potions of invisibility {unknown}
 n - 2 potions of curing
 r - a potion of mutation {unknown}
 t - a potion of berserk rage {unknown}
 v - 2 potions of lignification {unknown}
 B - a potion of heal wounds {unknown}
Comestibles
 f - 3 bread rations
 h - 4 royal jellies
 w - 3 meat rations


   Skills:
 - Level 4.1 Fighting
 * Level 9.6 Axes
 + Level 5.7 Armour
 - Level 3.2 Shields


You had 6 spell levels left.
You didn't know any spells.

Dungeon Overview and Level Annotations

Branches:
Dungeon (5/15)
 Temple: D:4-7

Altars:
Nemelex Xobeh
Vehumet
Yredelemnul

Shops:
D:4 ?

Annotations:
D:4 Menkaure


Message History

The hippogriff bites you but does no damage.
The hippogriff pecks you but does no damage.
The hippogriff claws you but does no damage.
Your shield and plate armour prevent you from hitting the hippogriff.
The hippogriff is severely wounded.
You barely miss the ogre. You block the ogre's attack.
The hippogriff bites you. The hippogriff completely misses you.
The hippogriff claws you but does no damage.
You closely miss the hippogriff.
The hippogriff is severely wounded.
You hit the ogre but do no damage. You block the ogre's attack.
The hippogriff bites you. The hippogriff pecks you.
The hippogriff claws you but does no damage.
You barely miss the hippogriff.
The hippogriff is severely wounded.
You hit the ogre.
The hippogriff bites you but does no damage.
The hippogriff pecks you but does no damage.
You block the hippogriff's attack. The ogre hits you with a giant club!!
You die...

####### ## .....# ############ #.
#..#.# #..........###. #....#
#.####>.....##. #....#
########....#.###..... #.#..#
#...........#....#.### #.#..#
#...........##........
###...####....).........#.##.#.
#...#.##.+....@H....#####......
#.#.#....#.....O.....##...###..
###.#.###..............##.#.###..
....#.# #..............##[#......
.####.. #.............|##........
....#.# #...............<..####..
.##.#.. +...#######........####..
.# ..# #...# #........##.... .#
.# #...# ###########....


You could see a hippogriff and an ogre.

Vanquished Creatures
  Grinder (D:4)
  A water moccasin (D:4)
  A bullfrog (D:3)
  A crimson imp (D:3)
  2 hounds (D:4)
  A jelly (D:5)
  3 orc priests
  3 orc wizards
  A worker ant (D:4)
  4 adders
  An ooze (D:1)
  3 adder skeletons
  4 worms
  3 dart slugs
  5 leopard geckos
  6 orcs
  3 giant cockroaches
  6 goblins
  2 hobgoblins
  2 jackals (D:4)
  A quokka (D:2)
  3 bats
  15 frilled lizards
  4 kobolds
  7 rats
83 creatures vanquished.

Vanquished Creatures (others)
  An orc (D:5)
1 creature vanquished.

Grand Total: 84 creatures vanquished

Notes
Turn   | Place    | Note
-------+----------+-------------------------------------------
     0 | D:1      | Naow the Hill Orc Fighter began the quest for the Orb.
     0 | D:1      | Reached XP level 1. HP: 19/19 MP: 1/1
    48 | D:1      | Reached skill level 3 in Axes
   313 | D:1      | Reached XP level 2. HP: 27/27 MP: 2/2
   639 | D:2      | Reached skill level 4 in Axes
   639 | D:2      | Reached XP level 3. HP: 31/33 MP: 3/3
  1043 | D:2      | Reached skill level 5 in Axes
  1227 | D:2      | Reached XP level 4. HP: 40/40 MP: 4/4
  1611 | D:3      | Noticed a bullfrog
  1632 | D:3      | Killed a bullfrog
  1632 | D:3      | Reached skill level 6 in Axes
  1632 | D:3      | Reached XP level 5. HP: 27/46 MP: 5/5
  2540 | D:3      | Reached XP level 6. HP: 38/52 MP: 6/6
  2718 | D:3      | Found a radiant altar of Vehumet.
  2718 | D:3      | Found a basalt altar of Yredelemnul.
  3031 | D:4      | Found Xuelon's Magic Scroll Boutique.
  3048 | D:4      | Found a sparkling altar of Nemelex Xobeh.
  3205 | D:4      | Reached skill level 7 in Axes
  3385 | D:4      | Noticed Grinder
  3391 | D:4      | Paralysed by Grinder for 5 turns
  3399 | D:4      | Paralysed by Grinder for 2 turns
  3402 | D:4      | Killed Grinder
  3402 | D:4      | Reached skill level 8 in Axes
  3402 | D:4      | Reached skill level 5 in Armour
  3402 | D:4      | Reached XP level 7. HP: 20/59 MP: 7/7
  3855 | D:4      | Noticed Menkaure
  4335 | D:5      | Entered Level 5 of the Dungeon
  4341 | D:5      | Reached skill level 9 in Axes
  4506 | D:5      | Noticed a hippogriff
  4508 | D:5      | Became a worshipper of Beogh the Brigand
  5063 | D:5      | Slain by an ogre

Skill      XL: |  1  2  3  4  5  6  7 |
---------------+----------------------+-----
Axes           | 3 4 5 6 8 9 |  9.6
Fighting       | 4 |  4.1
Armour         | 4 5 |  5.7
Shields        | |  3.2

Action                   |  1- 3 |  4- 6 |  7- 9 || total
-------------------------+-------+-------+-------++-------
Melee: War axe           |    75 |   171 |   109 ||   355
Invok: Convert to Beogh  |       |       |     1 ||     1
  Use: Potion            |       |       |     1 ||     1
  Eat: Chunk             |     1 |     7 |     5 ||    13
Armor: Scale mail        |    40 |       |       ||    40
       Plate armour      |     6 |    83 |    87 ||   176
Dodge: Dodged            |    17 |    22 |    24 ||    63
Block: Shield            |    40 |    74 |    60 ||   174
